[ AOE2 MATCH · #472123293 ]
UnrankedVietnamese vs Poles
[ REPLAY ANALYSIS · EXTRACTED FROM THE RECORDED GAME ]
Feudal
—
Castle
—
Imperial
—
| APM avg | 5.0 |
| APM peak | 37 |
| eAPM avg | 2.0 |
| Villagers / military | 9 / 0 |
Focus
⚔️ 27.3% · 🌾 72.7%
Fishing Ship ×4
Feudal
18:29
Castle
—
Imperial
—
| APM avg | 25.8 |
| APM peak | 60 |
| eAPM avg | 14.0 |
| Villagers / military | 49 / 0 |
Focus
⚔️ 17.2% · 🌾 82.8%
Fishing Ship ×2
Feudal
12:09
Castle
20:48
Imperial
—
| APM avg | 20.9 |
| APM peak | 67 |
| eAPM avg | 9.6 |
| Villagers / military | 40 / 0 |
Focus
⚔️ 17.8% · 🌾 82.2%
Fishing Ship ×12
Feudal
12:52
Castle
16:21
Imperial
—
| APM avg | 35.0 |
| APM peak | 79 |
| eAPM avg | 17.5 |
| Villagers / military | 42 / 14 |
Focus
⚔️ 20.8% · 🌾 79.2%
Conquistador ×7 · Fishing Ship ×5 · Fire Galley ×4 · Battering Ram ×3
Feudal
—
Castle
—
Imperial
—
| APM avg | 5.5 |
| APM peak | 45 |
| eAPM avg | 2.2 |
| Villagers / military | 7 / 0 |
Focus
⚔️ 18.4% · 🌾 81.6%
Feudal
13:57
Castle
17:52
Imperial
—
| APM avg | 32.3 |
| APM peak | 70 |
| eAPM avg | 19.6 |
| Villagers / military | 37 / 38 |
Focus
⚔️ 29.2% · 🌾 70.8%
Fire Galley ×24 · Fishing Ship ×16 · Mangonel ×5 · Unknown (2626) ×5 · Battering Ram ×4 · Galley ×3
Feudal
15:10
Castle
—
Imperial
—
| APM avg | 26.7 |
| APM peak | 67 |
| eAPM avg | 11.5 |
| Villagers / military | 26 / 52 |
Focus
⚔️ 40.0% · 🌾 60.0%
Archer ×33 · Militia ×17 · Fishing Ship ×9 · Unknown (2626) ×5 · Fire Galley ×2
Feudal
—
Castle
—
Imperial
—
| APM avg | 5.3 |
| APM peak | 52 |
| eAPM avg | 1.5 |
| Villagers / military | 5 / 0 |
Focus
⚔️ 10.0% · 🌾 90.0%
Fishing Ship ×2
Match map
Initial resources + every placement click. Lines = walls · curves = elevation contours. ◆ gold · ⬟ stone · ● berries · ✦ relic · ◌ wall gap
Your base· Open — 14t gap
KLIKELIN's base· Open — unwalled flank
Vkb's base· Open — 1t gap
[ECU] QUITUS's base· Open — unwalled flank
superpizzamsqu's base· Open — unwalled flank
Anoobis's base· Open — unwalled flank
Mashan's base· Open — unwalled flank
René's base· Open — 10t gap
Smoothed initial terrain · ◌ = detected wall gap · hover for details
Inputs per minute
— 自由人生 - - KLIKELIN
Build order — 自由人生
18 actions detected in the replay
| 0:16 | Build | Town Center |
| 1:23 | Build | Dock |
| 2:37 | Queue | Villager (Male) |
| 2:38 | Queue | Villager (Male) |
| 2:38 | Queue | Villager (Male) |
| 2:38 | Queue | Villager (Male) |
| 2:39 | Queue | Villager (Male) |
| 3:29 | Queue | Fishing Ship |
| 3:29 | Queue | Fishing Ship |
| 3:57 | Build | House |
| 4:11 | Queue | Villager (Male) |
| 4:11 | Queue | Villager (Male) |
| 4:40 | Research | Loom |
| 4:40 | Research | Loom |
| 4:52 | Queue | Villager (Male) |
| 4:53 | Queue | Villager (Male) |
| 5:05 | Queue | Fishing Ship |
| 5:06 | Queue | Fishing Ship |
Build order — KLIKELIN
First 150 of 152 actions detected
| 1:46 | Build | Town Center |
| 2:55 | Build | House |
| 3:38 | Queue | Villager (Male) |
| 3:38 | Queue | Villager (Male) |
| 3:40 | Queue | Villager (Male) |
| 3:45 | Research | Loom |
| 3:46 | Queue | Villager (Male) |
| 4:14 | Queue | Villager (Male) |
| 5:01 | Queue | Villager (Male) |
| 5:07 | Build | Dock |
| 6:03 | Queue | Fishing Ship |
| 6:07 | Queue | Villager (Male) |
| 6:15 | Build | House |
| 6:32 | Queue | Villager (Male) |
| 6:41 | Queue | Villager (Male) |
| 7:20 | Queue | Villager (Male) |
| 7:21 | Queue | Villager (Male) |
| 7:36 | Build | Outpost |
| 7:57 | Queue | Villager (Male) |
| 8:19 | Queue | Villager (Male) |
| 8:20 | Queue | Villager (Male) |
| 8:25 | Build | House |
| 9:06 | Build | Outpost |
| 9:09 | Queue | Villager (Male) |
| 9:34 | Queue | Villager (Male) |
| 9:35 | Queue | Villager (Male) |
| 9:49 | Build | House |
| 9:59 | Queue | Villager (Male) |
| 10:18 | Queue | Villager (Male) |
| 10:19 | Queue | Villager (Male) |
| 10:40 | Queue | Villager (Male) |
| 10:59 | Build | House |
| 11:12 | Queue | Villager (Male) |
| 11:32 | Queue | Villager (Male) |
| 11:47 | Queue | Villager (Male) |
| 11:47 | Queue | Villager (Male) |
| 11:50 | Build | Mill |
| 12:22 | Build | Palisade Wall |
| 12:31 | Queue | Villager (Male) |
| 12:54 | Build | Palisade Wall |
| 12:56 | Build | Palisade Wall |
| 13:13 | Queue | Villager (Male) |
| 13:18 | Queue | Villager (Male) |
| 13:36 | Build | Outpost |
| 13:51 | Queue | Villager (Male) |
| 14:05 | Build | Palisade Wall |
| 14:11 | Build | Outpost |
| 14:35 | Queue | Villager (Male) |
| 14:37 | Queue | Villager (Male) |
| 14:38 | Queue | Fishing Ship |
| 14:43 | Build | House |
| 14:55 | Build | Outpost |
| 15:17 | Queue | Villager (Male) |
| 15:23 | Build | Outpost |
| 15:41 | Build | Mill |
| 15:45 | Queue | Villager (Male) |
| 15:52 | Build | Outpost |
| 16:20 | Research | Feudal Age |
| 16:43 | Build | House |
| 17:03 | Build | Palisade Gate |
| 17:08 | Build | Palisade Wall |
| 17:10 | Build | Palisade Wall |
| 17:18 | Build | Palisade Wall |
| 17:30 | Build | Palisade Gate |
| 17:37 | Build | Palisade Gate |
| 17:45 | Build | Palisade Gate |
| 18:14 | Build | House |
| 18:29 | Age | Feudal Age |
| 18:39 | Build | Watch Tower |
| 18:47 | Build | Blacksmith |
| 19:03 | Queue | Villager (Male) |
| 19:04 | Queue | Villager (Male) |
| 19:06 | Queue | Villager (Male) |
| 19:06 | Queue | Villager (Male) |
| 19:12 | Build | House |
| 19:13 | Build | House |
| 19:21 | Build | Watch Tower |
| 19:24 | Research | Fletching |
| 19:47 | Queue | Villager (Male) |
| 20:37 | Build | Watch Tower |
| 20:53 | Queue | Villager (Male) |
| 20:57 | Queue | Villager (Male) |
| 20:57 | Queue | Villager (Male) |
| 21:22 | Build | Watch Tower |
| 22:20 | Research | Town Watch |
| 22:21 | Queue | Villager (Male) |
| 22:27 | Build | Outpost |
| 22:29 | Build | Outpost |
| 22:31 | Build | Outpost |
| 22:32 | Build | Outpost |
| 22:33 | Build | Outpost |
| 22:37 | Build | Outpost |
| 22:40 | Build | Outpost |
| 22:42 | Build | Outpost |
| 22:45 | Build | Outpost |
| 22:47 | Build | Outpost |
| 22:48 | Build | Outpost |
| 22:51 | Build | Outpost |
| 22:52 | Build | Outpost |
| 22:54 | Build | Outpost |
| 22:56 | Build | Outpost |
| 22:58 | Build | Outpost |
| 23:13 | Queue | Villager (Male) |
| 23:13 | Queue | Villager (Male) |
| 23:13 | Queue | Villager (Male) |
| 23:37 | Build | Lumber Camp |
| 23:52 | Build | Outpost |
| 24:10 | Queue | Villager (Male) |
| 24:32 | Build | Outpost |
| 24:34 | Build | Outpost |
| 24:36 | Build | Outpost |
| 24:50 | Build | Outpost |
| 25:01 | Build | Outpost |
| 25:03 | Build | Outpost |
| 25:06 | Build | Outpost |
| 25:08 | Research | Wheelbarrow |
| 25:11 | Queue | Villager (Male) |
| 25:11 | Queue | Villager (Male) |
| 25:37 | Build | Outpost |
| 25:39 | Build | Outpost |
| 25:40 | Build | Outpost |
| 25:47 | Build | Outpost |
| 25:49 | Build | Outpost |
| 25:52 | Queue | Villager (Male) |
| 26:00 | Build | Farm |
| 26:01 | Build | Farm |
| 26:02 | Build | Farm |
| 26:02 | Build | Farm |
| 26:02 | Build | Farm |
| 26:03 | Build | Farm |
| 26:03 | Build | Farm |
| 26:31 | Build | Outpost |
| 26:36 | Build | Outpost |
| 26:39 | Build | Outpost |
| 26:43 | Build | Outpost |
| 26:45 | Build | Outpost |
| 26:47 | Build | Outpost |
| 26:54 | Build | Farm |
| 26:56 | Build | Farm |
| 26:56 | Build | Farm |
| 26:56 | Build | Farm |
| 26:56 | Build | Farm |
| 26:57 | Build | Farm |
| 26:57 | Build | Farm |
| 26:57 | Build | Farm |
| 27:25 | Build | Outpost |
| 27:28 | Build | Outpost |
| 27:31 | Build | Outpost |
| 27:32 | Build | Outpost |
| 27:34 | Build | Outpost |
Build order — Vkb
87 actions detected in the replay
| 0:09 | Build | Town Center |
| 1:06 | Build | Dock |
| 1:28 | Build | Palisade Wall |
| 1:31 | Build | Palisade Wall |
| 1:34 | Build | Palisade Wall |
| 1:36 | Build | Palisade Wall |
| 2:32 | Queue | Villager (Male) |
| 2:32 | Queue | Villager (Male) |
| 2:32 | Queue | Villager (Male) |
| 2:33 | Queue | Villager (Male) |
| 2:33 | Queue | Villager (Male) |
| 3:32 | Queue | Fishing Ship |
| 3:57 | Queue | Villager (Male) |
| 4:11 | Build | House |
| 4:43 | Queue | Villager (Male) |
| 5:09 | Queue | Fishing Ship |
| 5:14 | Queue | Villager (Male) |
| 5:14 | Queue | Villager (Male) |
| 5:32 | Queue | Villager (Male) |
| 5:56 | Build | House |
| 6:05 | Queue | Villager (Male) |
| 6:09 | Queue | Fishing Ship |
| 6:39 | Queue | Villager (Male) |
| 6:39 | Queue | Villager (Male) |
| 6:47 | Queue | Fishing Ship |
| 6:48 | Queue | Villager (Male) |
| 7:10 | Queue | Villager (Male) |
| 7:18 | Build | House |
| 7:50 | Queue | Villager (Male) |
| 7:51 | Queue | Villager (Male) |
| 7:58 | Queue | Fishing Ship |
| 8:03 | Queue | Villager (Male) |
| 8:51 | Queue | Villager (Male) |
| 8:55 | Build | Mining Camp |
| 9:26 | Research | Loom |
| 9:30 | Queue | Fishing Ship |
| 9:52 | Research | Feudal Age |
| 10:25 | Build | Dock |
| 10:55 | Build | Palisade Wall |
| 11:02 | Build | House |
| 11:13 | Build | House |
| 11:27 | Build | Dock |
| 11:37 | Build | House |
| 11:46 | Queue | Villager (Male) |
| 11:46 | Queue | Villager (Male) |
| 12:09 | Age | Feudal Age |
| 12:20 | Build | Lumber Camp |
| 12:26 | Queue | Villager (Male) |
| 12:26 | Queue | Villager (Male) |
| 12:35 | Build | Blacksmith |
| 12:42 | Research | Gold Mining |
| 12:48 | Queue | Fishing Ship |
| 12:48 | Queue | Fishing Ship |
| 13:13 | Queue | Villager (Male) |
| 13:28 | Build | Watch Tower |
| 13:39 | Build | Mill |
| 13:43 | Research | Fletching |
| 13:54 | Queue | Villager (Male) |
| 13:55 | Queue | Villager (Male) |
| 14:04 | Build | House |
| 14:23 | Queue | Villager (Male) |
| 14:33 | Build | Market |
| 14:43 | Queue | Fishing Ship |
| 14:45 | Queue | Fishing Ship |
| 15:06 | Queue | Villager (Male) |
| 15:34 | Build | House |
| 15:40 | Queue | Villager (Male) |
| 15:51 | Queue | Fishing Ship |
| 15:52 | Queue | Fishing Ship |
| 16:05 | Queue | Villager (Male) |
| 16:19 | Build | Dock |
| 16:27 | Queue | Villager (Male) |
| 16:57 | Queue | Villager (Male) |
| 17:16 | Build | Lumber Camp |
| 18:08 | Research | Castle Age |
| 18:30 | Build | Watch Tower |
| 19:03 | Build | Watch Tower |
| 20:48 | Age | Castle Age |
| 21:20 | Build | Town Center |
| 24:34 | Queue | Villager (Male) |
| 24:35 | Queue | Villager (Male) |
| 24:35 | Queue | Villager (Male) |
| 24:35 | Queue | Villager (Male) |
| 24:35 | Queue | Villager (Male) |
| 24:35 | Queue | Villager (Male) |
| 25:20 | Queue | Villager (Male) |
| 25:20 | Queue | Villager (Male) |
Build order — [ECU] QUITUS
98 actions detected in the replay
| 0:24 | Build | Town Center |
| 0:43 | Build | Dock |
| 0:46 | Build | House |
| 1:20 | Build | Palisade Wall |
| 2:43 | Queue | Villager (Male) |
| 2:44 | Queue | Villager (Male) |
| 2:44 | Queue | Villager (Male) |
| 2:46 | Queue | Villager (Male) |
| 2:46 | Queue | Villager (Male) |
| 3:41 | Queue | Villager (Male) |
| 4:13 | Queue | Fishing Ship |
| 4:45 | Queue | Villager (Male) |
| 4:45 | Queue | Villager (Male) |
| 4:52 | Build | House |
| 5:10 | Research | Loom |
| 5:36 | Queue | Villager (Male) |
| 5:36 | Queue | Villager (Male) |
| 5:55 | Queue | Villager (Male) |
| 5:55 | Queue | Villager (Male) |
| 6:18 | Queue | Villager (Male) |
| 6:26 | Queue | Fishing Ship |
| 6:26 | Queue | Fishing Ship |
| 6:43 | Build | House |
| 6:51 | Queue | Villager (Male) |
| 6:56 | Queue | Fishing Ship |
| 7:03 | Queue | Villager (Male) |
| 7:25 | Queue | Villager (Male) |
| 7:33 | Queue | Villager (Male) |
| 7:34 | Queue | Villager (Male) |
| 7:34 | Queue | Villager (Male) |
| 7:53 | Queue | Villager (Male) |
| 8:34 | Queue | Villager (Male) |
| 8:42 | Build | House |
| 8:45 | Queue | Villager (Male) |
| 8:51 | Queue | Villager (Male) |
| 8:55 | Queue | Villager (Male) |
| 9:46 | Build | Mill |
| 10:20 | Research | Feudal Age |
| 10:34 | Build | Mining Camp |
| 11:24 | Queue | Fishing Ship |
| 12:52 | Age | Feudal Age |
| 12:57 | Build | Market |
| 13:03 | Build | Blacksmith |
| 13:41 | Research | Castle Age |
| 14:32 | Build | Mining Camp |
| 15:08 | Queue | Villager (Male) |
| 16:21 | Age | Castle Age |
| 16:25 | Build | House |
| 16:39 | Build | Castle |
| 17:02 | Queue | Villager (Male) |
| 17:29 | Build | Watch Tower |
| 17:35 | Queue | Villager (Male) |
| 17:51 | Build | Lumber Camp |
| 17:52 | Queue | Conquistador |
| 17:52 | Queue | Conquistador |
| 17:53 | Queue | Conquistador |
| 18:07 | Research | Fletching |
| 19:00 | Queue | Villager (Male) |
| 19:02 | Queue | Villager (Male) |
| 19:34 | Build | Siege Workshop |
| 20:05 | Queue | Villager (Male) |
| 20:08 | Queue | Villager (Male) |
| 20:30 | Queue | Battering Ram |
| 20:48 | Queue | Conquistador |
| 20:48 | Queue | Conquistador |
| 20:59 | Queue | Battering Ram |
| 20:59 | Queue | Battering Ram |
| 21:27 | Queue | Villager (Male) |
| 22:51 | Queue | Villager (Male) |
| 22:59 | Queue | Conquistador |
| 22:59 | Queue | Conquistador |
| 23:28 | Queue | Villager (Male) |
| 23:30 | Build | Farm |
| 23:31 | Build | Farm |
| 23:32 | Build | Farm |
| 23:33 | Build | Farm |
| 23:50 | Queue | Fire Galley |
| 23:50 | Queue | Fire Galley |
| 23:50 | Queue | Fire Galley |
| 24:18 | Queue | Villager (Male) |
| 24:18 | Queue | Villager (Male) |
| 24:58 | Queue | Villager (Male) |
| 25:01 | Build | Farm |
| 25:02 | Build | Farm |
| 25:25 | Queue | Fire Galley |
| 25:32 | Queue | Villager (Male) |
| 25:47 | Build | Mill |
| 25:48 | Build | Farm |
| 25:49 | Build | Farm |
| 25:49 | Build | Farm |
| 25:50 | Build | Farm |
| 25:52 | Build | Farm |
| 25:52 | Build | Farm |
| 25:53 | Build | Farm |
| 25:54 | Queue | Villager (Male) |
| 27:48 | Queue | Villager (Male) |
| 27:49 | Queue | Villager (Male) |
| 27:49 | Queue | Villager (Male) |
Build order — superpizzamsqu
13 actions detected in the replay
| 0:54 | Build | Town Center |
| 1:18 | Build | Dock |
| 1:21 | Build | House |
| 1:22 | Build | House |
| 3:00 | Queue | Villager (Male) |
| 3:00 | Queue | Villager (Male) |
| 3:01 | Queue | Villager (Male) |
| 3:15 | Queue | Villager (Male) |
| 3:52 | Research | Loom |
| 3:53 | Research | Loom |
| 3:53 | Queue | Villager (Male) |
| 3:53 | Queue | Villager (Male) |
| 4:31 | Queue | Villager (Male) |
Build order — Anoobis
136 actions detected in the replay
| 0:27 | Build | Town Center |
| 0:41 | Build | Dock |
| 1:18 | Build | House |
| 2:46 | Queue | Villager (Male) |
| 2:46 | Queue | Villager (Male) |
| 2:46 | Queue | Villager (Male) |
| 2:47 | Queue | Villager (Male) |
| 3:42 | Queue | Fishing Ship |
| 3:43 | Queue | Fishing Ship |
| 4:04 | Queue | Villager (Male) |
| 4:04 | Queue | Villager (Male) |
| 4:18 | Queue | Fishing Ship |
| 4:18 | Queue | Fishing Ship |
| 4:46 | Build | House |
| 4:51 | Research | Loom |
| 4:51 | Research | Loom |
| 5:11 | Queue | Villager (Male) |
| 5:11 | Queue | Villager (Male) |
| 5:23 | Build | House |
| 5:45 | Queue | Villager (Male) |
| 5:54 | Queue | Fishing Ship |
| 5:54 | Queue | Fishing Ship |
| 6:04 | Queue | Villager (Male) |
| 6:04 | Queue | Villager (Male) |
| 6:42 | Queue | Villager (Male) |
| 6:44 | Queue | Villager (Male) |
| 6:45 | Queue | Villager (Male) |
| 6:53 | Queue | Fishing Ship |
| 6:53 | Queue | Fishing Ship |
| 7:24 | Queue | Villager (Male) |
| 7:30 | Queue | Villager (Male) |
| 7:31 | Queue | Villager (Male) |
| 7:35 | Queue | Fishing Ship |
| 7:35 | Queue | Fishing Ship |
| 7:50 | Queue | Villager (Male) |
| 7:51 | Queue | Villager (Male) |
| 8:01 | Build | House |
| 8:26 | Queue | Fishing Ship |
| 8:26 | Queue | Fishing Ship |
| 8:35 | Queue | Villager (Male) |
| 8:35 | Queue | Villager (Male) |
| 8:36 | Queue | Villager (Male) |
| 8:36 | Queue | Villager (Male) |
| 8:53 | Queue | Villager (Male) |
| 8:54 | Queue | Villager (Male) |
| 8:55 | Queue | Fishing Ship |
| 9:15 | Build | House |
| 9:16 | Build | House |
| 9:20 | Queue | Villager (Male) |
| 9:37 | Queue | Villager (Male) |
| 9:48 | Build | House |
| 9:58 | Queue | Villager (Male) |
| 10:00 | Queue | Fishing Ship |
| 10:29 | Build | Mill |
| 10:44 | Queue | Fishing Ship |
| 11:31 | Queue | Fishing Ship |
| 11:33 | Research | Feudal Age |
| 11:33 | Research | Feudal Age |
| 12:23 | Build | House |
| 12:35 | Build | Mining Camp |
| 13:51 | Queue | Villager (Male) |
| 13:52 | Queue | Villager (Male) |
| 13:57 | Age | Feudal Age |
| 14:03 | Build | Market |
| 14:38 | Build | Blacksmith |
| 15:12 | Research | Castle Age |
| 15:13 | Research | Castle Age |
| 15:28 | Build | Lumber Camp |
| 15:35 | Research | Gold Mining |
| 15:35 | Research | Gold Mining |
| 15:50 | Queue | Fire Galley |
| 16:06 | Research | Double-Bit Axe |
| 16:06 | Research | Double-Bit Axe |
| 16:39 | Build | Palisade Gate |
| 16:50 | Build | Palisade Gate |
| 16:55 | Build | Palisade Wall |
| 16:56 | Build | Palisade Wall |
| 17:34 | Build | Palisade Wall |
| 17:52 | Age | Castle Age |
| 17:58 | Build | Siege Workshop |
| 18:04 | Build | Siege Workshop |
| 18:08 | Queue | Villager (Male) |
| 18:09 | Queue | Villager (Male) |
| 18:10 | Research | Bow Saw |
| 18:11 | Research | Bow Saw |
| 18:40 | Queue | Mangonel |
| 18:50 | Queue | Mangonel |
| 18:57 | Build | Siege Workshop |
| 19:18 | Queue | Mangonel |
| 19:18 | Queue | Mangonel |
| 19:51 | Queue | Battering Ram |
| 19:51 | Queue | Battering Ram |
| 20:20 | Queue | Battering Ram |
| 20:20 | Queue | Battering Ram |
| 22:22 | Queue | Fire Galley |
| 22:22 | Queue | Fire Galley |
| 22:22 | Queue | Fire Galley |
| 22:23 | Queue | Fire Galley |
| 22:23 | Queue | Fire Galley |
| 22:23 | Queue | Fire Galley |
| 22:23 | Queue | Fire Galley |
| 22:28 | Build | House |
| 22:30 | Build | House |
| 22:35 | Build | House |
| 22:38 | Build | Lumber Camp |
| 22:52 | Build | Dock |
| 22:54 | Build | Dock |
| 23:03 | Build | House |
| 23:04 | Build | House |
| 23:04 | Build | House |
| 23:05 | Build | House |
| 23:05 | Build | House |
| 23:07 | Queue | Villager (Male) ×5 |
| 23:27 | Build | Mining Camp |
| 23:55 | Research | Wheelbarrow |
| 24:01 | Research | War Galley (upgrade) |
| 24:01 | Research | War Galley (upgrade) |
| 24:10 | Queue | Fire Galley |
| 24:10 | Queue | Fire Galley |
| 24:10 | Queue | Fire Galley |
| 24:32 | Research | Fletching |
| 24:58 | Build | Dock |
| 25:04 | Queue | Galley |
| 25:04 | Queue | Galley |
| 25:04 | Queue | Galley |
| 25:11 | Queue | Unit 2626 |
| 25:37 | Queue | Scorpion |
| 25:37 | Queue | Mangonel |
| 25:37 | Queue | Scorpion |
| 26:03 | Queue | Fire Galley ×3 |
| 26:03 | Queue | Fire Galley ×3 |
| 26:03 | Queue | Fire Galley |
| 26:55 | Queue | Fire Galley ×3 |
| 26:56 | Queue | Fire Galley ×3 |
| 27:17 | Queue | Unit 2626 ×2 |
| 27:17 | Queue | Unit 2626 ×2 |
Build order — Mashan
114 actions detected in the replay
| 0:44 | Build | Town Center |
| 0:54 | Build | House |
| 0:55 | Build | Dock |
| 3:13 | Build | Palisade Wall |
| 3:22 | Queue | Villager (Male) |
| 3:22 | Queue | Villager (Male) |
| 3:23 | Queue | Villager (Male) |
| 3:23 | Queue | Villager (Male) |
| 3:23 | Queue | Villager (Male) |
| 4:32 | Queue | Villager (Male) |
| 4:42 | Queue | Fishing Ship |
| 4:43 | Queue | Fishing Ship |
| 4:53 | Build | House |
| 5:51 | Queue | Villager (Male) |
| 6:24 | Queue | Villager (Male) |
| 6:33 | Queue | Fishing Ship |
| 6:46 | Queue | Villager (Male) |
| 6:49 | Queue | Fishing Ship |
| 7:00 | Queue | Villager (Male) |
| 7:22 | Queue | Villager (Male) |
| 7:43 | Build | House |
| 7:57 | Research | Loom |
| 7:58 | Queue | Villager (Male) |
| 8:02 | Queue | Fishing Ship |
| 8:37 | Queue | Villager (Male) |
| 8:40 | Queue | Fishing Ship |
| 9:22 | Queue | Villager (Male) |
| 9:26 | Queue | Fishing Ship |
| 9:32 | Build | House |
| 9:38 | Queue | Villager (Male) |
| 10:01 | Queue | Villager (Male) |
| 10:05 | Build | House |
| 10:11 | Queue | Villager (Male) |
| 10:19 | Build | Barracks |
| 10:43 | Build | House |
| 11:06 | Queue | Fishing Ship |
| 11:10 | Queue | Villager (Male) |
| 11:12 | Queue | Villager (Male) |
| 11:38 | Queue | Militia |
| 11:39 | Queue | Militia |
| 11:44 | Build | House |
| 12:07 | Build | Lumber Camp |
| 12:10 | Queue | Villager (Male) |
| 12:11 | Queue | Villager (Male) |
| 12:46 | Queue | Villager (Male) |
| 12:49 | Research | Feudal Age |
| 12:58 | Queue | Fishing Ship |
| 13:08 | Build | House |
| 13:52 | Queue | Militia |
| 13:56 | Queue | Villager (Male) |
| 14:10 | Build | House |
| 14:25 | Queue | Villager (Male) |
| 14:47 | Queue | Militia |
| 14:48 | Queue | Militia |
| 15:10 | Age | Feudal Age |
| 15:12 | Build | Archery Range |
| 15:15 | Build | Blacksmith |
| 15:17 | Research | Double-Bit Axe |
| 15:39 | Build | Mining Camp |
| 15:45 | Queue | Villager (Male) |
| 16:09 | Queue | Archer |
| 16:24 | Queue | Archer |
| 16:39 | Build | Archery Range |
| 17:05 | Queue | Archer |
| 17:40 | Queue | Villager (Male) |
| 17:44 | Queue | Archer |
| 17:44 | Queue | Archer |
| 17:45 | Queue | Archer |
| 17:48 | Queue | Archer |
| 17:51 | Research | Fletching |
| 18:12 | Build | Watch Tower |
| 18:16 | Queue | Archer |
| 18:17 | Queue | Archer |
| 18:18 | Queue | Archer |
| 18:24 | Research | Padded Archer Armor |
| 18:26 | Queue | Archer |
| 18:27 | Queue | Archer |
| 18:45 | Queue | Archer |
| 18:50 | Queue | Militia |
| 18:50 | Queue | Militia |
| 18:51 | Queue | Militia |
| 19:34 | Queue | Archer |
| 19:34 | Queue | Archer |
| 19:35 | Queue | Archer |
| 19:37 | Research | Man-at-Arms (upgrade) |
| 19:40 | Queue | Militia |
| 20:05 | Build | House |
| 20:12 | Queue | Archer |
| 20:13 | Queue | Archer |
| 20:37 | Queue | Militia |
| 20:37 | Queue | Militia |
| 20:38 | Queue | Militia |
| 21:31 | Queue | Archer ×5 |
| 21:32 | Queue | Archer ×5 |
| 21:36 | Queue | Archer ×5 |
| 22:38 | Queue | Fire Galley |
| 22:38 | Queue | Fire Galley |
| 22:43 | Queue | Unit 2626 |
| 22:44 | Queue | Unit 2626 |
| 22:44 | Queue | Unit 2626 |
| 23:15 | Research | Arson |
| 23:19 | Research | Forging |
| 23:27 | Queue | Unit 2626 |
| 23:39 | Build | House |
| 23:40 | Build | House |
| 23:44 | Build | House |
| 23:45 | Build | House |
| 23:53 | Build | House |
| 24:00 | Queue | Militia |
| 24:00 | Queue | Militia |
| 24:18 | Research | Town Watch |
| 24:28 | Queue | Unit 2626 |
| 25:12 | Research | Scale Mail Armor |
| 26:33 | Queue | Militia ×3 |
Build order — René
11 actions detected in the replay
| 0:21 | Build | Town Center |
| 1:14 | Build | Dock |
| 2:34 | Queue | Villager (Male) |
| 2:35 | Queue | Villager (Male) |
| 2:35 | Queue | Villager (Male) |
| 2:59 | Queue | Villager (Male) |
| 3:33 | Queue | Fishing Ship |
| 4:02 | Queue | Villager (Male) |
| 4:22 | Build | House |
| 4:38 | Research | Loom |
| 4:49 | Queue | Fishing Ship |
Match timeline
| 0:41 | Anoobis · first_building Dock |
| 0:43 | [ECU] QUITUS · first_building Dock |
| 0:55 | Mashan · first_building Dock |
| 1:06 | Vkb · first_building Dock |
| 1:14 | René · first_building Dock |
| 1:18 | superpizzamsqu · first_building Dock |
| 1:20 | [ECU] QUITUS · wall_segment Palisade Wall x1 |
| 1:23 | 自由人生 · first_building Dock |
| 1:28 | Vkb · wall_segment Palisade Wall x1 |
| 1:31 | Vkb · wall_segment Palisade Wall x1 |
| 1:34 | Vkb · wall_segment Palisade Wall x1 |
| 1:36 | Vkb · wall_segment Palisade Wall x1 |
| 3:13 | Mashan · wall_segment Palisade Wall x1 |
| 5:06 | René · resign |
| 5:07 | KLIKELIN · first_building Dock |
| 10:19 | Mashan · first_building Barracks |
| 10:55 | Vkb · wall_segment Palisade Wall x14 |
| 12:09 | Vkb · age_up feudal |
| 12:22 | KLIKELIN · wall_segment Palisade Wall x13 |
| 12:52 | [ECU] QUITUS · age_up feudal |
| 12:54 | KLIKELIN · wall_segment Palisade Wall x1 |
| 12:56 | KLIKELIN · wall_segment Palisade Wall x14 |
| 13:57 | Anoobis · age_up feudal |
| 14:05 | KLIKELIN · wall_segment Palisade Wall x13 |
| 14:36 | [ECU] QUITUS · first_market_buy 100 stone |
| 15:10 | Mashan · age_up feudal |
| 15:10 | Anoobis · first_market_sell 100 food |
| 15:12 | Mashan · first_building Archery Range |
| 15:16 | Anoobis · first_market_buy 100 wood |
| 15:30 | [ECU] QUITUS · first_market_sell 100 food |
| 15:44 | Vkb · first_market_sell 100 wood |
| 16:21 | [ECU] QUITUS · age_up castle |
| 16:39 | [ECU] QUITUS · first_building Castle |
| 16:55 | Anoobis · wall_segment Palisade Wall x9 |
| 16:56 | Anoobis · wall_segment Palisade Wall x5 |
| 17:08 | KLIKELIN · wall_segment Palisade Wall x3 |
| 17:10 | KLIKELIN · wall_segment Palisade Wall x9 |
| 17:18 | KLIKELIN · wall_segment Palisade Wall x6 |
| 17:34 | Anoobis · wall_segment Palisade Wall x11 |
| 17:52 | Anoobis · age_up castle |
| 17:58 | Anoobis · first_building Siege Workshop |
| 18:21 | Vkb · first_market_buy 100 stone |
| 18:29 | KLIKELIN · age_up feudal |
| 19:34 | [ECU] QUITUS · first_building Siege Workshop |
| 20:48 | Vkb · age_up castle |
[ AI ANALYSIS · 1 CREDIT ]
What really happened in this match?
Wolo.gg analyzes every decision: build order, eco, micro, common mistakes by bracket. Personalized analysis on WhatsApp or Discord in 30 seconds.
Civ guide
Vietnamese
Perfil
Jugador #17527294